Map: Kairos Junction LE

Players

pHARM

  • Race: Zerg Zerg
  • League: Platinum
  • Spawn Location: 11:00

Temperplex - Winner!

  • Race: Zerg Zerg
  • League: Platinum
  • Spawn Location: 5:00

VOD

Have the link to the VOD?

Description

Time

  • Played on: Aug. 8, 2019, 2:19 a.m.
  • Length: 8:26
Show
View Real Time Build Order
Export as new Build Order

pHARM Zerg 

Build Orders: Hatch First 

Get SALT Encoding   

  12  0:01  Drone  
  13  0:12  Overlord  
  13  0:23  Drone  
  14  0:31  Drone x2  
  16  0:38  Drone  
  17  0:46  Drone  
  18  1:03  Hatchery  
  17  1:10  Drone x2  
  19  1:24  Spawning Pool  
  18  1:26  Drone  
  19  1:46  Drone  
  20  1:47  Extractor  
  20  1:48  Drone  
  21  2:11  Zergling x2  
  21  2:13  Overlord  
  22  2:17  Spine Crawler  
  22  2:18  Zergling x2  
  22  2:19  Queen x2  
  26  2:31  Zergling x4, Spine Crawler  
  26  2:35  Zergling x2  
  27  2:53  Drone x3  
  29  3:03  Zergling x4  
  30  3:19  Evolution Chamber  
  29  3:22  Roach Warren  
  25  3:33  Zergling x6  
  22  3:57  Evolution Chamber  
  21  4:09  Extractor  
  20  4:11  Drone x4  
  20  4:12  Drone  
  20  4:16  Drone  
  26  4:22  Drone  
  26  4:24  Drone  
  28  4:38  Drone  
  28  4:39  Drone x3  
  32  4:56  Drone  
  32  4:57  Drone x3  
  36  5:09  Overlord x2  
  36  5:14  Zerg Missile Weapons Level 1  
  36  5:20  Extractor  
  35  5:22  Drone  
  35  5:25  Overlord  
  35  5:26  Queen  
  38  5:43  Drone x8  
  38  5:49  Extractor  
  45  5:53  Lair  
  45  6:01  Drone  
  45  6:02  Drone x3  
  45  6:04  Roach  
  52  6:11  Drone  
  52  6:18  Overlord x2  
  52  6:38  Roach  
  52  6:39  Roach x7  
  68  6:42  Hatchery  
  67  6:54  Glial Reconstitution  
  67  7:00  Drone, Spore Crawler  
  67  7:01  Drone  
  68  7:05  Spore Crawler  
  67  7:08  Overlord x3  
  67  7:09  Spore Crawler  
  66  7:28  Roach x6  
  78  7:42  Roach  
  78  7:43  Roach x2  
  78  7:44  Overlord x2  
  84  8:01  Drone  
  84  8:02  Drone x5  
Show
View Real Time Build Order
Export as new Build Order

Temperplex Zerg - Winner!

Build Orders: Pool First 

Get SALT Encoding   

  12  0:01  Drone  
  13  0:12  Overlord  
  13  0:17  Drone  
  14  0:31  Drone x2  
  16  0:42  Spawning Pool  
  15  0:45  Extractor  
  15  0:48  Drone  
  15  0:51  Drone  
  16  0:57  Drone  
  17  1:28  Queen  
  17  1:29  Zergling x6  
  22  1:44  Hatchery  
  21  1:48  Metabolic Boost  
  21  1:56  Overlord  
  21  2:01  Drone  
  23  2:15  Zergling x4  
  24  2:29  Queen  
  26  2:37  Zergling x4  
  28  2:53  Zergling x4  
  28  2:55  Overlord  
  28  3:09  Drone x3  
  28  3:11  Queen  
  29  3:41  Drone x4  
  29  3:42  Drone x2  
  29  3:46  Drone x2  
  29  3:47  Drone, Roach Warren  
  34  3:57  Lair  
  34  4:01  Extractor  
  33  4:02  Overlord  
  33  4:12  Evolution Chamber  
  32  4:18  Evolution Chamber  
  31  4:25  Drone x6  
  31  4:28  Drone  
  31  4:29  Drone  
  39  4:31  Drone  
  39  4:33  Drone  
  41  4:50  Zerg Missile Weapons Level 1  
  41  4:51  Zerg Ground Armor Level 1  
  41  4:55  Overseer  
  41  4:56  Overseer  
  41  5:01  Drone x3  
  41  5:05  Hydralisk Den  
  43  5:08  Drone, Extractor  
  43  5:09  Drone x2  
  43  5:10  Extractor  
  43  5:11  Drone x2  
  43  5:12  Drone  
  47  5:15  Roach  
  47  5:17  Roach  
  51  5:22  Overlord  
  51  5:25  Overlord  
  51  5:38  Muscular Augments  
  51  5:40  Drone  
  51  5:41  Drone  
  53  5:55  Hydralisk x3  
  53  5:56  Zergling x2  
  60  5:58  Zergling x2  
  60  6:03  Hatchery  
  60  6:14  Hydralisk x2, Roach x2  
  60  6:17  Overlord  
  60  6:18  Overlord, Overseer  
  68  6:20  Overlord  
  68  6:23  Overlord  
  68  6:38  Hydralisk  
  68  6:39  Overseer  
  70  6:40  Roach x3  
  76  6:54  Pneumatized Carapace  
  76  7:08  Hydralisk x3, Roach x4  
  90  7:19  Drone x2  
  92  7:25  Drone x4  
  96  7:38  Hydralisk x2  
  96  7:39  Zergling x4  
  102  7:51  Nydus Network  
  101  7:57  Zergling x2, Roach x2  
  106  7:59  Overlord  
  106  8:00  Overlord  
  106  8:02  Overlord  
  106  8:03  Overlord  
Tags
 
Add a new tag
Caveats
  • Supply blocks, unpowered buildings, or Contaminate may cause inaccurate times.
  • Supply counts are checked every 10 seconds.